 Dungeon Crawl Stone Soup version 0.31-a0-744-gbc345e7fcb (webtiles) character file.

Game seed: 9265391076982763201

3 Newt the Ducker (level 1, 0/17 HPs)
             Began as a Demonspawn Gladiator on Sept 13, 2023.
             Succumbed to a kobold's poison
             ... on level 1 of the Dungeon.
             The game lasted 00:00:05 (39 turns).

Newt the Ducker (Demonspawn Gladiator)                Turns: 39, Time: 00:00:06

Health: 0/17       AC:  4    Str: 14    XL:     1   Next: 41%
Magic:  1/1        EV: 12    Int:  9    God:
Gold:   0          SH:  0    Dex: 14    Spells: 0/0 levels left

rFire   . . .        a - +0 rapier
rCold   . . .        (no shield)
rNeg    . . .        b - +0 leather armour
rPois   .            c - +0 helmet
rElec   .            (no cloak)
rCorr   .            (no gloves)
SInv    .            (no boots)
Will    .....        (no amulet)
Stlth   +            (no ring)
HPRegen 0.22/turn    (no ring)
MPRegen 0.07/turn

%: no passive effects
@: lethally poisoned (0 -> -6)
A: no striking features
a: no special abilities


You were on level 1 of the Dungeon.
You visited 1 branch of the dungeon, and saw 1 of its levels.

Inventory:

Hand Weapons
 a - a +0 rapier (weapon)
Missiles
 d - 3 throwing nets (quivered)
 e - a javelin
Armour
 b - a +0 leather armour (worn)
 c - a +0 helmet (worn)


   Skills:
 + Level 2.3 Fighting
 - Level 2.6 Short Blades
 - Level 1.7 Throwing
 - Level 2.6 Dodging


You couldn't memorise any spells.
You didn't know any spells.
Your spell library was empty.

Dungeon Overview and Level Annotations

Branches:
Dungeon (1/15)

Altars:


Message History

The dart slug launches a dart at you.
The slug dart hits you but does no damage.
The ball python bites you but does no damage.
The ball python closely misses you. The kobold hits you but does no damage.
A rat comes into view.
You hit the ball python.
You kill the ball python!
A goblin comes into view. It is wielding a +0 club.
The kobold hits you with a +0 dagger.
You hit the dart slug.
The dart slug is moderately wounded.
The kobold closely misses you.
The dart slug bites you but does no damage.
You hit the dart slug.
The dart slug is severely wounded.
The kobold closely misses you. x2
You hit the dart slug.
You kill the dart slug!
The kobold hits you with a +0 whip.
You barely miss the kobold. The kobold barely misses you.
The kobold closely misses you.
You barely miss the kobold. The kobold hits you with a +0 dagger.
The kobold hits you with a +0 short sword.
The kobold misses you.
You completely miss the kobold. The kobold hits you but does no damage.
The kobold barely misses you. The kobold closely misses you.
The kobold barely misses you.
There are monsters nearby!
Unknown command.
The kobold hits you with a +0 dagger. The kobold attacks as it pursues you!
The kobold hits you with a +1 short sword of venom.
You are lethally poisoned!
* * * LOW HITPOINT WARNING * * *
You feel very sick. The kobold attacks as it pursues you!
The kobold closely misses you.
* * * LOW HITPOINT WARNING * * *
You feel sick. The kobold attacks as it pursues you!
The kobold hits you with a +1 short sword of venom.
* * * LOW HITPOINT WARNING * * *
You die...

## ##. ### ######..
≈≈≈≈≈~... ... ...... .
≈≈≈≈~~.. #.# #.##.##
... ≈≈≈≈~..# #.#
#@##8.##.... ≈≈≈≈~..#
#.####.#.Kg8.....
≈≈≈~...#
#.##...K8Kgr#.##
≈≈~....####.##.#.##K8##
~..............#.###.#
. ##...####.####.. ...
..#<..## #.# #### ..#.
......#####># #.. .
#####.#.....# ###


You could see a kobold.

Vanquished Creatures
  A dart slug (D:1)
  A ball python (D:1)
2 creatures vanquished.

Notes
Turn   | Place    | Note
-------+----------+-------------------------------------------
     0 | D:1      | Newt the Demonspawn Gladiator began the quest for the Orb.
     0 | D:1      | Reached XP level 1. HP: 16/16 MP: 1/1
    39 | D:1      | Succumbed to a kobold's poison

Illustrated notes

Levels and vault maps discovered:
D:1:      dpeg_arrival_water_altar, layout_loops_ring,
          shapermc_ecumenical_altar_pompeii, minmay_pentomino_p4

Action                     || total
---------------------------++-------
  Melee: Rapier            ||     8
 Armour: Leather armour    ||    14
  Dodge: Dodged            ||    13

Table legend: (Time is in decaauts)
 A = Elapsed time spent in this place.
 B = Non-inter-level travel time spent in this place.
 C = Inter-level travel time spent in this place.
 D = Time resting spent in this place.
 E = Time spent auto-exploring this place.
 F = Levels seen in this place.
 G = Mean time per level.
                   A        B        C        D        E       F      G
               +--------+--------+--------+--------+--------+-----+--------+
         Total |     39 |     39 |      0 |      0 |     20 |   1 |   39.0 |
       Dungeon |     39 |     39 |      0 |      0 |     20 |   1 |   39.0 |
               +--------+--------+--------+--------+--------+-----+--------+

Top non-repeatable levels by time:
     D:1: 39 daAuts
